 Dungeon Crawl Stone Soup version 0.21.1-1-g345015f (webtiles) character file.

315 n0claF the Ducker (level 6, 0/47 HPs)
             Began as a Demonspawn Gladiator on July 4, 2018.
             Slain by Lidrolic's ghost (8 damage)
             ... on level 5 of the Dungeon.
             The game lasted 00:10:36 (3878 turns).

n0claF the Ducker (Demonspawn Gladiator)            Turns: 3878, Time: 00:10:37

Health: 0/47       AC: 15    Str: 16    XL:     6   Next: 19%
Magic:  6/6        EV:  6    Int:  9    God:
Gold:   160        SH:  0    Dex: 15    Spells: 5/5 levels left

rFire    . . .     SeeInvis .   a - +0 quarterstaff
rCold    . . .     Gourm    .   (shield currently unavailable)
rNeg     . . .     Faith    .   z - +0 plate armour
rPois    .         Spirit   .   c - +0 helmet
rElec    .         Reflect  .   o - +2 cloak
rCorr    .         Harm     .   (no gloves)
MR       .....                  (no boots)
Stlth    ..........             (no amulet)
HPRegen  0.15/turn              (no ring)
MPRegen  0.10/turn              (no ring)

@: no status effects
A: claws 2, powered by death 1
a: no special abilities


You were on level 5 of the Dungeon.
You were not hungry.

You visited 1 branch of the dungeon, and saw 5 of its levels.

You collected 160 gold pieces.

Inventory:

Hand Weapons
 a - a +0 quarterstaff (weapon)
Missiles
 d - 3 throwing nets (quivered) {!f}
Armour
 c - a +0 helmet (worn)
 o - a +2 cloak (worn)
   (You found it on level 2 of the Dungeon)
 z - a +0 plate armour (worn)
   (You found it on level 3 of the Dungeon)
Jewellery
 n - an uncursed amulet of the gourmand {unknown}
   (You found it on level 2 of the Dungeon)
 u - an uncursed amulet of faith {unknown}
   (You found it on level 2 of the Dungeon)
Wands
 h - a wand of clouds (6)
   (You found it on level 3 of the Dungeon)
 x - a wand of acid (5)
   (You found it on level 4 of the Dungeon)
 y - a wand of enslavement (7)
   (You took it off Ijyb on level 3 of the Dungeon)
Scrolls
 b - 2 scrolls of identify {unknown}
 f - a scroll of noise {unknown}
 q - a scroll of amnesia {unknown}
 t - 2 scrolls of teleportation {unknown}
 v - a scroll of enchant weapon {unknown}
 w - a scroll of enchant armour {unknown}
 A - 2 scrolls of fear {unknown}
 C - a scroll of magic mapping {unknown}
 F - a scroll of immolation {unknown}
 G - 4 scrolls of remove curse {unknown}
Potions
 g - 3 potions of curing {unknown}
 i - 5 potions of heal wounds {unknown}
 j - 2 potions of agility {unknown}
 k - a potion of lignification {unknown}
 l - 2 potions of flight {unknown}
 m - a potion of haste {unknown}
 p - a potion of might {unknown}
 r - a potion of mutation {unknown}
 s - a potion of cancellation {unknown}
 B - a potion of magic {unknown}
 E - a potion of degeneration {unknown}
Books
 H - a book of Callings
   (You found it on level 4 of the Dungeon)
Comestibles
 e - 6 rations {!d}
 D - 2 chunks of flesh


   Skills:
 + Level 3.6 Fighting
 + Level 3.9 Staves
 - Level 1.7 Throwing
 + Level 2.5 Armour
 + Level 4.0 Dodging


You had 5 spell levels left.
You didn't know any spells.

Dungeon Overview and Level Annotations

Branches:
Dungeon (5/15)
 Temple: D:4-7

Altars:

Shops:
D:4 ([=

Annotations:
D:5 Lidrolic's ghost, amateur HuFi


Innate Abilities, Weirdness & Mutations

You have very sharp fingernails.
You regenerate a little health from kills.


Message History

Done exploring.
Done exploring.
Done exploring.
There is a stone staircase leading down here.
You climb downwards.
You hear the sound of rushing water.
There is an entrance to a sewer on this level.
Hurry and find it before the portal rusts away!
Lidrolic's ghost (amateur Human Fighter) comes into view.
Lidrolic's ghost turns its malevolent gaze towards you.
You hear a shout!
Found 24 sling bullets.
There is a stone staircase leading up here.
You hit Lidrolic's ghost but do no damage.
Lidrolic's ghost hits you but does no damage. x2
You hit Lidrolic's ghost.
Lidrolic's ghost hits you but does no damage.
You sock Lidrolic's ghost!
Lidrolic's ghost hits you but does no damage.
Your plate armour prevents you from hitting Lidrolic's ghost.
Lidrolic's ghost hits you.
You hit Lidrolic's ghost.
Lidrolic's ghost hits you but does no damage.
You hit Lidrolic's ghost.
Lidrolic's ghost hits you but does no damage.
You hit Lidrolic's ghost.
Lidrolic's ghost hits you but does no damage.
You sock Lidrolic's ghost! Lidrolic's ghost hits you.
You hit Lidrolic's ghost but do no damage.
Lidrolic's ghost hits you.
Your plate armour prevents you from hitting Lidrolic's ghost.
Lidrolic's ghost hits you.
You barely miss Lidrolic's ghost. Lidrolic's ghost hits you!
Lidrolic's ghost hits you but does no damage.
You hit Lidrolic's ghost. Lidrolic's ghost completely misses you.
You hit Lidrolic's ghost. Lidrolic's ghost hits you.
You hit Lidrolic's ghost. Lidrolic's ghost hits you.
* * * LOW HITPOINT WARNING * * *
Your plate armour prevents you from hitting Lidrolic's ghost.
Lidrolic's ghost hits you but does no damage.
You barely miss Lidrolic's ghost. Lidrolic's ghost hits you.
* * * LOW HITPOINT WARNING * * *
You hit Lidrolic's ghost. Lidrolic's ghost hits you.
* * * LOW HITPOINT WARNING * * *
Your plate armour prevents you from hitting Lidrolic's ghost.
Lidrolic's ghost hits you!
* * * LOW HITPOINT WARNING * * *
You hit Lidrolic's ghost but do no damage.
Lidrolic's ghost closely misses you.
You sock Lidrolic's ghost! Lidrolic's ghost hits you!
You die...

# #.####
#....#
#@#
#.W.....#
#######.(


You could see Lidrolic's ghost.

Vanquished Creatures
  A hound (D:4)
  An orc wizard (D:4)
  Ijyb (D:3)
  Terence (D:2)
  6 gnolls
  6 adders
  An ooze (D:1)
  2 worms
  2 dart slugs
  3 leopard geckos
  11 orcs
  2 ball pythons (D:1)
  12 bats
  6 giant cockroaches
  3 goblins
  5 hobgoblins
  A quokka (D:3)
  3 frilled lizards
  10 kobolds
  A leopard gecko skeleton (D:4)
  9 rats
87 creatures vanquished.

Notes
Turn   | Place    | Note
-------+----------+-------------------------------------------
     0 | D:1      | n0claF the Demonspawn Gladiator began the quest for the Orb.
     0 | D:1      | Reached XP level 1. HP: 16/16 MP: 1/1
   289 | D:1      | Gained mutation: You have sharp fingernails. [demonic ancestry]
   289 | D:1      | Reached XP level 2. HP: 22/22 MP: 2/2
   648 | D:1      | Reached skill level 1 in Armour
   648 | D:1      | Reached skill level 3 in Dodging
   711 | D:1      | Reached XP level 3. HP: 21/28 MP: 3/3
  1484 | D:2      | Noticed Terence
  1500 | D:2      | Killed Terence
  1509 | D:2      | Gained mutation: You have very sharp fingernails. [demonic ancestry]
  1509 | D:2      | Reached XP level 4. HP: 34/34 MP: 4/4
  2042 | D:3      | Noticed Ijyb
  2086 | D:3      | Killed Ijyb
  2086 | D:3      | Gained mutation: You regenerate a little health from kills. [demonic ancestry]
  2086 | D:3      | Reached XP level 5. HP: 30/41 MP: 5/5
  2289 | D:3      | Found a faded altar of an unknown god.
  3232 | D:4      | Found Guemior's Antique Weapon Shop.
  3255 | D:4      | Found Ifeinkam's Armour Shop.
  3263 | D:4      | Reached XP level 6. HP: 45/47 MP: 6/6
  3466 | D:4      | Found Rurphist's Jewellery Shop.
  3623 | D:4      | Reached skill level 4 in Dodging
  3856 | D:5      | Entered Level 5 of the Dungeon
  3856 | D:5      | Noticed Lidrolic's ghost (amateur HuFi)
  3878 | D:5      | Slain by Lidrolic's ghost

Skill      XL: |  1  2  3  4  5  6 |
---------------+-------------------+-----
Armour         | 1 2 |  2.5
Dodging        | 3 4 |  4.0
Staves         | 3 |  3.9
Fighting       | 3 |  3.6
Throwing       | |  1.7

Action                   |  1- 3 |  4- 6 || total
-------------------------+-------+-------++-------
Melee: Quarterstaff      |   106 |   277 ||   383
  Eat: Chunk             |     2 |     8 ||    10
Armor: Leather armour    |     4 |       ||     4
       Chain mail        |    78 |   107 ||   185
       Plate armour      |       |    97 ||    97
Dodge: Dodged            |    58 |    99 ||   157
